 Dungeon Crawl Stone Soup version 0.30-a0-359-gd0147acb1a (webtiles) character file.

Game seed: 6306249858023246131

55 sleeves the Slasher (level 3, -2/29 HPs)
             Began as a Demonspawn Monk on Nov 12, 2022.
             Slain by a hobgoblin (3 damage)
             ... on level 2 of the Dungeon.
             The game lasted 00:00:42 (1054 turns).

sleeves the Slasher (Demonspawn Monk)               Turns: 1054, Time: 00:00:43

Health: -2/29      AC:  6    Str: 11    XL:     3   Next: 67%
Magic:  3/3        EV: 11    Int: 11    God:
Gold:   104        SH:  0    Dex: 17    Spells: 2/2 levels left

rFire   . . .      SeeInvis .    a - +0 falchion
rCold   . . .      Faith    .    (no shield)
rNeg    . . .      Spirit   .    g - +0 ring mail
rPois   .          Reflect  .    (no helmet)
rElec   .          Harm     .    (no cloak)
rCorr   .          Rampage  .    (no gloves)
Will    .....                    (no boots)
Stlth   +.........               (no amulet)
HPRegen 0.24/turn                (no ring)
MPRegen 0.08/turn                (no ring)

@: no status effects
A: hooves 1, sharp scales 1
a: no special abilities


You were on level 2 of the Dungeon.
You visited 1 branch of the dungeon, and saw 2 of its levels.

You collected 104 gold pieces.

Inventory:

Hand Weapons
 a - a +0 falchion (weapon)
Armour
 g - a +0 ring mail (worn)
   (You found it on level 1 of the Dungeon)
 i - a +0 pair of boots
   (You found it on level 2 of the Dungeon)
Scrolls
 b - 2 scrolls of identify {unknown}
 f - a scroll of brand weapon {unknown}
 j - a scroll of enchant weapon {unknown}
 k - a scroll of torment {unknown}
Potions
 c - a potion of ambrosia
 d - a potion of curing {unknown}
 e - 2 potions of haste {unknown}
 h - a potion of degeneration {unknown}


   Skills:
 - Level 3.0 Fighting
 + Level 4.3 Long Blades
 - Level 2.6 Dodging
 - Level 1.7 Stealth


You had 2 spell levels left.
You didn't know any spells.
Your spell library was empty.

Dungeon Overview and Level Annotations

Branches:
Dungeon (2/15)

Altars:

Annotations:
D:2 Robin


Innate Abilities, Weirdness & Mutations

You have large cloven feet.
You are partially covered in razor-sharp scales. (AC +1, Slay +1)


Message History

Welcome, sleeves the Demonspawn Monk.
A smirking vizier told you that the Orb of Zot is just within this dungeon.
Press ? for a list of commands and other information.
Found a staircase leading out of the dungeon.
A rat comes into view.
A rat is nearby!
A rat is nearby!
A hobgoblin comes into view.
You hit the hobgoblin.
The hobgoblin is severely wounded.
The hobgoblin hits you.
You hit the hobgoblin but do no damage.
The hobgoblin is severely wounded.
The hobgoblin closely misses you.
You barely miss the hobgoblin.
The hobgoblin is severely wounded.
The rat bites you. The hobgoblin misses you.
You hit the hobgoblin but do no damage.
The hobgoblin is severely wounded.
The rat misses you. The hobgoblin misses you.
You slash the hobgoblin!
You kill the hobgoblin!
The rat misses you.
You hit the rat.
You kill the rat!
No target in view!
HP restored.
A giant cockroach comes into view.
A giant cockroach is nearby!
You hit the giant cockroach.
The giant cockroach is moderately wounded.
The giant cockroach bites you but does no damage.
You hit the giant cockroach.
The giant cockroach is almost dead.
The giant cockroach bites you but does no damage.
The giant cockroach misses you.
You barely miss the giant cockroach.
The giant cockroach is almost dead.
The giant cockroach bites you but does no damage.
You hit the giant cockroach but do no damage.
The giant cockroach is almost dead.
The giant cockroach misses you. x2
You hit the giant cockroach but do no damage.
The giant cockroach is almost dead.
The giant cockroach bites you but does no damage.
You barely miss the giant cockroach.
The giant cockroach is almost dead.
The giant cockroach bites you.
A giant cockroach is nearby!
A giant cockroach is nearby!
A giant cockroach is nearby!
You hit the giant cockroach.
You kill the giant cockroach!
No target in view!
No target in view!
No target in view!
No target in view!
No target in view!
No target in view!
No target in view!
You see here a giant cockroach corpse.
A dart slug comes into view.
A dart slug is nearby!
A dart slug is nearby!
No target in view!
No target in view!
No target in view!
No target in view!
No target in view!
No target in view!
No target in view!
No target in view!
No target in view!
No target in view!
No target in view!
The dart slug launches a dart at you. The slug dart misses you.
The dart slug briefly extends its eye-stalks.
You hit the dart slug but do no damage.
The dart slug bites you but does no damage.
You barely miss the dart slug. You hit the dart slug.
The dart slug is heavily wounded.
The dart slug launches a dart at you. The slug dart misses you.
You slash the dart slug!
You kill the dart slug!
Your Long Blades skill increases to level 3!
No target in view!
No target in view!
No target in view!
No target in view!
No target in view!
No target in view!
A frilled lizard comes into view.
Found a bubbling orange potion.
A frilled lizard is nearby!
A frilled lizard is nearby!
The frilled lizard hisses angrily.
The frilled lizard barely misses you.
You hit the frilled lizard.
The frilled lizard is heavily wounded.
The frilled lizard misses you.
You barely miss the frilled lizard.
The frilled lizard is heavily wounded.
The frilled lizard closely misses you.
You barely miss the frilled lizard.
The frilled lizard is heavily wounded.
The frilled lizard barely misses you.
You closely miss the frilled lizard.
The frilled lizard is heavily wounded.
The frilled lizard barely misses you. The frilled lizard closely misses you.
You barely miss the frilled lizard.
The frilled lizard is heavily wounded.
The frilled lizard barely misses you.
You barely miss the frilled lizard.
The frilled lizard is heavily wounded.
The frilled lizard closely misses you.
You hit the frilled lizard.
You kill the frilled lizard!
No target in view!
No target in view!
Found an escape hatch in the floor.
Found a mace.
A rat comes into view.
Found a stone staircase leading down.
You see here a bubbling orange potion.
There is an escape hatch in the floor here.
The helpless rat fails to defend itself.
You hit the rat.
You kill the rat!
No target in view!
No target in view!
No target in view!
No target in view!
No target in view!
No target in view!
There is an escape hatch in the floor here.
d - a bubbling orange potion You see here a rat corpse.
You see here a rat corpse.
Found a ring mail.
e - a fuming clear potion
f - a scroll labelled BOIBO MUDATY No target in view!
No target in view!
No target in view!
No target in view!
No target in view!
No target in view!
No target in view!
No target in view!
You now have 3 gold pieces.
There is a staircase leading out of the dungeon here.
Found a stone staircase leading down.
There is a stone staircase leading down here.
You now have 20 gold pieces (gained 17).
An endoplasm comes into view.
The endoplasm quivers.
The endoplasm moves out of view.
The endoplasm freezes you.
You are frozen.
You hit the endoplasm but do no damage. The endoplasm freezes you.
You are frozen.
You slash the endoplasm!
You kill the endoplasm!
You have reached level 2!
Your demonic ancestry asserts itself...
Your feet thicken and deform.
You see here a hobgoblin skeleton.
You see here a rat skeleton.
A rat comes into view.
A rat is nearby!
A rat is nearby!
The rat closely misses you.
You closely miss the rat. The rat closely misses you.
You hit the rat. You kick the rat.
You kill the rat!
No target in view!
No target in view!
No target in view!
No target in view!
No target in view!
No target in view!
No target in view!
You see here a rat corpse.
You see here a rat corpse.
A rat comes into view.
A rat is nearby!
A rat is nearby!
The helpless rat fails to defend itself.
You hit the rat.
You kill the rat!
No target in view!
No target in view!
No target in view!
No target in view!
No target in view!
No target in view!
No target in view!
No target in view!
You now have 24 gold pieces (gained 4).
Found a dagger.
You see here a +0 dagger.
A bat comes into view.
A bat is nearby!
Found 12 gold pieces.
The helpless bat fails to defend itself.
You hit the bat.
The bat is heavily wounded.
The bat hits you but does no damage. The bat closely misses you.
You closely miss the bat.
The bat is heavily wounded.
The bat barely misses you.
A gnoll comes into view. It is wielding a +0 whip.
The bat closely misses you. The bat misses you. The bat barely misses you.
You barely miss the bat. You kick the bat.
You kill the bat!
The gnoll shouts!
A gnoll is nearby!
A gnoll is nearby!
A gnoll is nearby!
The gnoll hits you with a +0 whip.
You hit the gnoll. Your kick misses the gnoll.
The gnoll is moderately wounded.
The gnoll barely misses you.
You hit the gnoll. You kick the gnoll.
The gnoll is almost dead.
The gnoll hits you but does no damage.
You hit the gnoll.
You kill the gnoll!
No target in view!
No target in view!
No target in view!
No target in view!
No target in view!
No target in view!
No target in view!
No target in view!
No target in view!
No target in view!
No target in view!
No target in view!
No target in view!
No target in view!
You now have 36 gold pieces (gained 12).
You see here a +0 whip.
Found a stone staircase leading down.
e - 2 fuming clear potions (gained 1)
A giant cockroach comes into view.
Found 3 boomerangs of dispersal.
A giant cockroach is nearby!
A giant cockroach is nearby!
A giant cockroach is nearby!
You see here 3 boomerangs of dispersal.
The giant cockroach bites you. The giant cockroach barely misses you.
You hit the giant cockroach.
The giant cockroach is severely wounded.
The giant cockroach closely misses you.
You slash the giant cockroach!
You kill the giant cockroach!
No target in view!
No target in view!
No target in view!
No target in view!
No target in view!
No target in view!
No target in view!
No target in view!
You see here a giant cockroach corpse.
There is a stone staircase leading down here.
Done exploring.
Done exploring.
Done exploring.
No target in view!
No target in view!
No target in view!
No target in view!
Search for what [? for help]? ring
There is a staircase leading out of the dungeon here.
You see here a +0 ring mail.
g - a +0 ring mail You start removing your armour.
You continue taking off your +0 robe. x4
You finish taking off your +0 robe.
You start putting on your armour.
You continue putting on your +0 ring mail. x5
You finish putting on your +0 ring mail.
You drop a +0 robe.
(D) Dungeon
Where to? (Enter - D:1 @ (x,y), ? - help)
There is a stone staircase leading down here.
You climb downwards.
Found a scroll labelled CICLOU OCSO and 10 gold pieces.
There is a stone staircase leading up here.
You now have 46 gold pieces (gained 10).
b - a scroll labelled CICLOU OCSO Unknown command.
h - a fuming coppery potion You now have 58 gold pieces (gained 12).
i - a +0 pair of boots
Found a robe.
No target in view!
No target in view!
No target in view!
No target in view!
No target in view!
No target in view!
No target in view!
No target in view!
Found a stone staircase leading down.
An adder comes into view.
An adder is nearby!
An adder is nearby!
A ball python comes into view.
The adder hisses angrily.
The ball python hisses angrily.
Found a leather armour and a scale mail.
The adder bites you but does no damage.
You slash the adder! Your kick misses the adder.
The adder is almost dead.
The adder closely misses you. The adder barely misses you.
You hit the adder.
The adder is almost dead.
The ball python bites you but does no damage.
The ball python grabs you. The ball python constricts you.
The adder barely misses you.
The ball python bites you but does no damage.
The ball python constricts you.
You barely miss the ball python. The adder bites you.
You are poisoned.
The adder poisons you!
The ball python bites you but does no damage.
The ball python constricts you. The adder bites you.
You slash the ball python!
You kill the ball python!
You feel sick. The adder bites you but does no damage.
You barely miss the adder. Your kick misses the adder.
The adder is almost dead.
You feel sick. The adder bites you but does no damage.
You hit the adder.
You kill the adder!
You feel sick.
You have reached level 3!
Your experience leads to an increase in your attributes!
Increase (S)trength, (I)ntelligence, or (D)exterity?
You feel agile. x2; Your demonic ancestry asserts itself...
Sharp scales grow over part of your body.
You feel sick.
You feel sick.
You are no longer poisoned.
HP restored.
You now have 67 gold pieces (gained 9).
You see here a +0 scale mail.
An endoplasm comes into view.
The endoplasm quivers.
An endoplasm is nearby!
An endoplasm is nearby!
An endoplasm is nearby!
An endoplasm is nearby!
The endoplasm jiggles.
Found 20 gold pieces.
The endoplasm freezes you.
You are frozen.
You hit the endoplasm.
The endoplasm is moderately wounded.
The endoplasm hits you but does no damage.
You slash the endoplasm!
You kill the endoplasm!
No target in view!
No target in view!
No target in view!
No target in view!
No target in view!
No target in view!
A bat comes into view.
The bat moves out of view.
You now have 77 gold pieces (gained 10).
The bat hits you but does no damage.
A bat is nearby!
A bat is nearby!
A bat is nearby!
You slash the bat!
You kill the bat!
No target in view!
No target in view!
No target in view!
No target in view!
No target in view!
No target in view!
No target in view!
No target in view!
A worm comes into view.
A worm is nearby!
A worm is nearby!
Found a scroll labelled YLUARA TEPA.
A dart slug comes into view.
You hit the worm. You kick the worm.
The worm is heavily wounded.
The worm barely misses you.
You slash the worm!
The worm is severely wounded.
You hit the worm.
You kill the worm!
Your Long Blades skill increases to level 4!
You hit the dart slug. You kick the dart slug.
The dart slug is moderately wounded.
You hit the dart slug but do no damage.
The dart slug is moderately wounded.
The dart slug barely misses you.
You hit the dart slug.
The dart slug is heavily wounded.
The dart slug bites you but does no damage.
You hit the dart slug.
You kill the dart slug!
No target in view!
No target in view!
Found 5 stones.
You now have 89 gold pieces (gained 12).
j - a scroll labelled YLUARA TEPA You now have 96 gold pieces (gained 7).
b - 2 scrolls labelled CICLOU OCSO (gained 1)
Found a stone staircase leading down.
You see here 5 stones.
No target in view!
No target in view!
No target in view!
No target in view!
No target in view!
No target in view!
You see here a dart slug corpse.
You now have 104 gold pieces (gained 8).
A quokka comes into view.
Found 6 stones.
Found a stone staircase leading down.
A quokka is nearby!
A quokka is nearby!
A kobold comes into view. It is wielding a staff of conjuration.
The kobold shouts!
The quokka bites you but does no damage.
The quokka barely misses you.
You miss the quokka. You kick the quokka.
The quokka is moderately wounded.
The kobold throws a stone.
The stone misses you. The quokka barely misses you.
You hit the quokka but do no damage.
The quokka is moderately wounded.
The quokka barely misses you.
A worm comes into view.
You barely miss the quokka.
The quokka is moderately wounded.
The quokka barely misses you. x2
You miss the quokka.
The quokka bites you but does no damage.
You hit the quokka.
The quokka is almost dead.
The quokka barely misses you. The kobold barely misses you.
You hit the quokka.
You kill the quokka!
The kobold hits you but does no damage.
You hit the kobold. Your kick misses the kobold.
The kobold is moderately wounded.
The kobold barely misses you.
You slash the kobold!
You kill the kobold!
A worm is nearby!
A worm is nearby!
Things that are here:
a staff of conjuration; 2 stones; a scroll labelled OWAXA SOUN
Found a club.
The worm bites you but does no damage.
A worm is nearby!
You barely miss the worm. The worm bites you!
You hit the worm. You kick the worm.
The worm is moderately wounded.
You hit the worm. You kick the worm, but do no damage.
The worm is heavily wounded.
The worm bites you.
You barely miss the worm.
The worm is moderately wounded.
The worm barely misses you.
You slash the worm! You kick the worm.
You kill the worm!
No target in view!
No target in view!
k - a scroll labelled OWAXA SOUN
Things that are here:
a staff of conjuration; 2 stones 5 goblins and a hobgoblin come into view.
Found a scroll labelled CICLOU OCSO.
The goblin shouts!
The hobgoblin shouts!
The goblin shouts!
You hear a shout! x2
A goblin comes into view. It is wielding a +0 club.
The goblin moves out of view.
The goblin shouts!
You hear a shout!
There are monsters nearby!
A hobgoblin and a goblin come into view.
The hobgoblin shouts!
The goblin shouts!
A hobgoblin comes into view.
Robin of the Strong Arm comes into view.
They are wielding a +0 whip.
You barely miss the goblin.
A hobgoblin comes into view.
The hobgoblin shouts! x2
You hit the goblin. Your kick misses the goblin.
The goblin is heavily wounded.
The goblin hits you but does no damage.
A goblin comes into view. It is wielding a +0 dagger.
Robin throws the goblin at you! The goblin hits you but does no damage.
You slash the goblin!
You kill the goblin!
The goblin closely misses you. The goblin hits you but does no damage.
You barely miss the goblin. You kick the goblin.
The goblin is heavily wounded.
The goblin hits you but does no damage. The goblin completely misses you.
The goblin hits you but does no damage. x2
You hit the goblin.
You kill the goblin!
The goblin completely misses you. The goblin barely misses you.
The goblin hits you but does no damage. Robin throws the goblin at you!
You completely miss the hobgoblin. Your kick misses the hobgoblin.
The goblin hits you but does no damage. The goblin barely misses you.
The hobgoblin hits you. The goblin hits you but does no damage.
The goblin closely misses you.
You hit the goblin.
You kill the goblin!
The goblin misses you. The hobgoblin hits you.
The goblin hits you but does no damage. x3; Robin throws the goblin at you!
You closely miss the goblin. Your kick misses the goblin.
The goblin closely misses you. x2
The hobgoblin hits you but does no damage.
The goblin hits you with a +0 dagger. The goblin hits you but does no damage.
The goblin closely misses you.
You closely miss the goblin. Your kick misses the goblin.
The goblin closely misses you. The goblin barely misses you.
The hobgoblin barely misses you. The goblin closely misses you.
The goblin hits you but does no damage. The goblin barely misses you.
You barely miss the goblin. The goblin misses you.
The goblin hits you but does no damage. The hobgoblin hits you.
The goblin barely misses you. The goblin closely misses you.
The goblin hits you with a +0 club. The goblin barely misses you.
The goblin hits you but does no damage. The goblin barely misses you.
The goblin hits you but does no damage.
The hobgoblin hits you but does no damage.
The goblin hits you but does no damage.
Robin points. "Kill!"
You hit the goblin. Your kick misses the goblin.
The goblin is severely wounded.
The goblin closely misses you.
A goblin comes into view. It is wielding a +0 club.
The hobgoblin hits you. The goblin barely misses you.
The goblin hits you but does no damage. The goblin barely misses you.
The goblin closely misses you.
Robin says, "Duck!"
The goblin shouts!
You hit the goblin but do no damage.
The goblin is severely wounded.
The goblin barely misses you. The goblin hits you with a +0 club.
The hobgoblin barely misses you. The goblin closely misses you.
The goblin hits you but does no damage. x2
Robin roars a battlecry!
The goblins go into a battle-frenzy!
You hit the goblin.
You kill the goblin!
The goblin hits you but does no damage. The goblin closely misses you.
The hobgoblin hits you.
* * * LOW HITPOINT WARNING * * *
The goblin barely misses you. The goblin misses you.
Robin throws the goblin at you!
You barely miss the goblin. The goblin closely misses you. x2
The hobgoblin hits you but does no damage.
The goblin closely misses you. The goblin hits you but does no damage.
The hobgoblin hits you but does no damage.
You hit the goblin.
You kill the goblin!
The hobgoblin hits you.
* * * LOW HITPOINT WARNING * * *
The goblin hits you but does no damage. The goblin completely misses you.
The hobgoblin closely misses you. The goblin closely misses you.
You closely miss the goblin. The hobgoblin barely misses you.
The goblin hits you but does no damage. The goblin barely misses you.
The goblin hits you with a +0 club.
* * * LOW HITPOINT WARNING * * *
The hobgoblin hits you.
* * * LOW HITPOINT WARNING * * *
The goblin hits you with a +0 dagger.
* * * LOW HITPOINT WARNING * * *
You hit the goblin.
You kill the goblin!
The hobgoblin barely misses you. The goblin closely misses you.
The goblin hits you but does no damage. The hobgoblin barely misses you.
The goblin hits you with a +0 dagger.
* * * LOW HITPOINT WARNING * * *
Robin throws the goblin at you!
You hit the goblin.
The goblin is almost dead.
The hobgoblin hits you.
* * * LOW HITPOINT WARNING * * *
The goblin barely misses you. The goblin hits you with a +0 dagger.
* * * LOW HITPOINT WARNING * * *
The hobgoblin hits you.
You die...

.# .# #..# .#
.... #..# .#
..g. #^.#######
.# .....
#......?.. .#
..... #.........
.#
......#.g......#
.#
#....#ggg....#.
.####
#.....g@gg....#
....##
#....#g#####...
.##..#####.. #.#
.###......# #.#
.# #......# #.#
.###......#
#.######.
........###
#........
..###.#.#
#........ ..
#.#.# ##........


You could see Robin, 4 hobgoblins and 3 goblins.

Vanquished Creatures
  A gnoll (D:1)
  An adder (D:2)
  2 worms (D:2)
  2 dart slugs
  2 bats
  2 endoplasms
  2 giant cockroaches (D:1)
  6 goblins (D:2)
  A hobgoblin (D:1)
  A quokka (D:2)
  A ball python (D:2)
  A frilled lizard (D:1)
  A kobold (D:2)
  4 rats (D:1)
27 creatures vanquished.

Notes
Turn   | Place    | Note
-------+----------+-------------------------------------------
     0 | D:1      | sleeves the Demonspawn Monk began the quest for the Orb.
     0 | D:1      | Reached XP level 1. HP: 18/18 MP: 1/1
    59 | D:1      | Reached skill level 3 in Long Blades
   228 | D:1      | Gained mutation: You have large cloven feet. [demonic
                  | ancestry]
   228 | D:1      | Reached XP level 2. HP: 16/24 MP: 2/2
   827 | D:2      | Gained mutation: You are partially covered in razor-sharp
                  | scales. (AC +1, Slay +1) [demonic ancestry]
   827 | D:2      | Reached XP level 3. HP: 22/29 MP: 3/3
   896 | D:2      | Reached skill level 4 in Long Blades
  1036 | D:2      | Noticed Robin
  1049 | D:2      | HP: 14/29 [hobgoblin (2)]
  1054 | D:2      | HP: 4/29 [hobgoblin[Robin] (5)]
  1054 | D:2      | HP: 1/29 [goblin/+0 dagger[Robin] (3)]
  1054 | D:2      | Slain by a hobgoblin

Illustrated notes

Levels and vault maps discovered:
D:1:      spicycebolla_arrival_xxxplode, layout_basic
D:2:      layout_basic, chequers_ecumenical_altar_simple_redux,
          uniq_crazy_yiuf_cottage, uniq_robin

Skill      XL: |  1  2  3 |
---------------+----------+-----
Long Blades    | 3 4 |  4.3
Fighting       | |  3.0
Dodging        | |  2.6
Stealth        | |  1.7

Action                   || total
-------------------------++-------
Melee: Falchion          ||    85
       Kick              ||    10
 Stab: Sleeping          ||     3
Armor: Robe              ||     7
       Ring mail         ||    47
Dodge: Dodged            ||    85

Table legend: (Time is in decaauts)
 A = Elapsed time spent in this place.
 B = Non-inter-level travel time spent in this place.
 C = Inter-level travel time spent in this place.
 D = Time resting spent in this place.
 E = Time spent auto-exploring this place.
 F = Levels seen in this place.
 G = Mean time per level.
                   A        B        C        D        E       F      G
               +--------+--------+--------+--------+--------+-----+--------+
         Total |   1063 |    995 |     68 |      0 |    798 |   2 |  531.5 |
       Dungeon |   1063 |    995 |     68 |      0 |    798 |   2 |  531.5 |
               +--------+--------+--------+--------+--------+-----+--------+

Top non-repeatable levels by time:
     D:1: 779 daAuts
     D:2: 284 daAuts
